 Dungeon Crawl Stone Soup version 0.32-a0-814-g0968bab981 (webtiles) character file.

Game seed: 968538981696885235

8 senseless the Ruffian (level 2, 20/21 HPs)
             Began as a Demonspawn Shapeshifter on Mar 22, 2024.
             Quit the game on level 1 of the Dungeon.
             The game lasted 00:00:18 (189 turns).

senseless the Ruffian (Demonspawn Shapeshifter)      Turns: 189, Time: 00:00:19

Health: 20/21      AC:  2    Str: 14    XL:     2   Next: 0%
Magic:  2/2        EV: 11    Int: 10    God:
Gold:   15         SH:  0    Dex: 12    Spells: 1/1 levels left

rFire   . .          .
                       - Unarmed
rCold   . . .        (no shield)
rNeg    . . .        a - +0 animal skin
rPois   .            (helmet currently unavailable)
rElec   .            (cloak currently unavailable)
rCorr   .            (gloves currently unavailable)
SInv    .            (boots currently unavailable)
Will    .....        (no amulet)
Stlth   +            (no ring)
HPRegen 0.23/turn    (no ring)
MPRegen 0.08/turn

%: no passive effects
@: beast-form
A: beast (slay +1), antennae 1
a: Begin Untransformation


You were on level 1 of the Dungeon.
You were a hulking beast.
You visited 1 branch of the dungeon, and saw 1 of its levels.

You collected 15 gold pieces.

Inventory:

Armour
 a - a +0 animal skin (worn)
Talismans
 c - a beast talisman (active)
 d - a flux talisman
Scrolls
 f - a scroll of enchant armour {unknown}
Potions
 b - a potion of lignification
 e - a potion of resistance {unknown}


   Skills:
 * Level 1.4 Fighting
 + Level 1.9 Dodging
 + Level 2.8 Unarmed Combat
 + Level 2.7 Shapeshifting


You had one spell level left.
You didn't know any spells.
Your spell library was empty.

Dungeon Overview and Level Annotations

Branches:
Dungeon (1/15)

Altars:


Innate Abilities, Weirdness & Mutations

You are a hulking beast.
Your limbs bulge with bestial killing power. (Slay +1)
You have a pair of small antennae on your head.


Message History

You hit the goblin.
You kill the goblin!
No target in view!
No target in view!
No target in view!
No target in view!
No target in view!
No target in view!
No target in view!
No target in view!
You see here a +0 dagger.
Found a long sword.
No target in view!
f - a scroll labelled GAELYTHR SUXAMOQ You see here a +0 long sword.
A quokka comes into view.
The helpless quokka fails to defend itself.
You hit the quokka.
You kill the quokka!
No target in view!
No target in view!
No target in view!
No target in view!
No target in view!
No target in view!
No target in view!
No target in view!
Found 5 stones.
A ball python comes into view.
A ball python is nearby!
The ball python barely misses you. The ball python completely misses you.
You hit the ball python.
The ball python is moderately wounded.
The ball python bites you. The ball python barely misses you.
You hit the ball python.
You kill the ball python!
You have reached level 2!
Your demonic ancestry asserts itself...
A pair of antennae grows on your head!
Are you sure you want to abandon this character and quit the game? (Confirm with "yes".)

... #..# #(.# #.?# #
.# #..# # ~. #..# #
^≈ ##########..# ##≈
......†h....# ..
##########.## ≈
##≈≈.# #.# #
#.##≈.###########.# #
.≈##≈.##..........#
##≈~###.##.##########
.≈~...#....#
#≈.#.#..≈#.#
..#..##≈≈≈.#


There were no monsters in sight!

Vanquished Creatures
  2 endoplasms (D:1)
  A goblin (D:1)
  A kobold (D:1)
  A quokka (D:1)
  A ball python (D:1)
  A rat (D:1)
7 creatures vanquished.

Notes
Turn   | Place    | Note
-------+----------+-------------------------------------------
     0 | D:1      | senseless the Demonspawn Shapeshifter began the quest for
                  | the Orb.
     0 | D:1      | Reached XP level 1. HP: 15/15 MP: 1/1
   189 | D:1      | Gained mutation: You have a pair of small antennae on your
                  | head. [demonic ancestry]
   189 | D:1      | Reached XP level 2. HP: 20/21 MP: 2/2
   189 | D:1      | Quit the game

Illustrated notes

Levels and vault maps discovered:
D:1:      mushboom_english_gardens, layout_loops_ring, serial_rivers,
          chequers_serial_rivers_micro_b, chequers_serial_rivers_room_b,
          chequers_serial_rivers_small_b, chequers_serial_rivers_micro_b,
          chequers_serial_rivers_micro_b

Action                     || total
---------------------------++-------
  Melee: Unarmed           ||    11
   Stab: Sleeping          ||     1
 Armour: Animal skin       ||     2
  Dodge: Dodged            ||     7

Table legend: (Time is in decaauts)
 A = Elapsed time spent in this place.
 B = Non-inter-level travel time spent in this place.
 C = Inter-level travel time spent in this place.
 D = Time resting spent in this place.
 E = Time spent auto-exploring this place.
 F = Levels seen in this place.
 G = Mean time per level.
                   A        B        C        D        E       F      G
               +--------+--------+--------+--------+--------+-----+--------+
         Total |    190 |    190 |      0 |      0 |    157 |   1 |  190.0 |
       Dungeon |    190 |    190 |      0 |      0 |    157 |   1 |  190.0 |
               +--------+--------+--------+--------+--------+-----+--------+

Top non-repeatable levels by time:
     D:1: 190 daAuts
